 Dungeon Sprint DCSS version 0.23.2-1-ga50397a6bc (webtiles) character file.

Game seed: 12663093026042592313

4463 Kobolds4U the Fencer (level 10, -6/103 HPs)
             Began as a Minotaur Berserker on May 10, 2019.
             Was a High Priest of Trog.
             Mangled by an 11-headed hydra (8 damage)
             ... while paralysed by a floating eye
             ... in the Dungeon (Sprint I: "Red Sonja").
             The game lasted 00:04:15 (1322 turns).

Kobolds4U the Fencer (Minotaur Berserker)           Turns: 1322, Time: 00:04:15

Health: -6/103     AC: 13    Str: 21    XL:     10   Next: 15%
Magic:  9/9        EV:  2    Int:  4    God:    Trog [*****.]
Gold:   8          SH:  0    Dex: 14    Spells: 9/9 levels left

rFire    . . .     SeeInvis .   o - +1 battleaxe (flame)
rCold    . . .     Gourm    .   (shield currently unavailable)
rNeg     . . .     Faith    .   n - +0 plate armour
rPois    .         Spirit   .   (helmet restricted)
rElec    .         Reflect  .   (no cloak)
rCorr    .         Harm     .   (no gloves)
MR       .....     NoTele   +   (no boots)
Stlth    ..........             (no amulet)
HPRegen  0.27/turn              (no ring)
MPRegen  0.11/turn              (no ring)

@: paralysed
A: retaliatory headbutt, horns 2
a: Berserk, Trog's Hand, Brothers in Arms, Renounce Religion


You were in the Dungeon.
You worshipped Trog.
Trog was extremely pleased with you.
You were not hungry.

You visited 1 branch You collected 560 gold pieces.
You spent 552 gold pieces at shops.

Inventory:

Hand Weapons
 a - a +0 falchion
 c - a +4 vampiric great sword
 o - a +1 battleaxe of flaming (weapon)
Armour
 k - a +0 leather armour
 n - a +0 plate armour (worn)
Wands
 j - a wand of flame (21)
Scrolls
 i - a scroll of blinking
 l - a scroll of remove curse {unknown}
 m - a scroll of identify {unknown}
Potions
 b - a potion of mutation {unknown}
 d - a potion of curing
 e - a potion of heal wounds
 f - a potion of haste
 g - 2 potions of magic
 h - a potion of berserk rage
Comestibles
 p - 4 chunks of flesh


   Skills:
 + Level 14.1 Fighting
 * Level 18.6 Long Blades
 * Level 8.4 Armour
 - Level 12.0 Dodging


You had 9 spell levels left.
You didn't know any spells.
Your spell library was empty.

Dungeon Overview and Level Annotations

Branches:
Dungeon (1/1)

Altars:
Cheibriados
Dithmenos
Elyvilon
Fedhas
Gozag
Hepliaklqana
Kikubaaqudgha
Makhleb
Nemelex Xobeh
Okawaru
Qazlal
Ru
Sif Muna
Trog
Uskayaw
Vehumet
Wu Jian
Xom
Yredelemnul
Zin
The Shining One
Jiyva
Lugonu

Shops:
D *


Innate Abilities, Weirdness & Mutations

You reflexively headbutt those who attack you in melee.
You have a pair of horns on your head.


Message History

The 11-headed hydra bites you but does no damage.
The 11-headed hydra bites you.
The 11-headed hydra bites you but does no damage.
The floating eye seems to glare at you.
The 11-headed hydra bites you but does no damage. x2
The 11-headed hydra bites you!
* * * LOW HITPOINT WARNING * * *
The 11-headed hydra bites you.
* * * LOW HITPOINT WARNING * * *
The 11-headed hydra bites you but does no damage. x2
The 11-headed hydra bites you.
* * * LOW HITPOINT WARNING * * *
The 11-headed hydra bites you.
* * * LOW HITPOINT WARNING * * *
The 11-headed hydra bites you.
* * * LOW HITPOINT WARNING * * *
The 11-headed hydra bites you.
* * * LOW HITPOINT WARNING * * *
The 11-headed hydra bites you!
You die...

#####################
.)#).#§§§§§§.§§§@DG$#
§.##§#§####§§§§§##$.+
..'.§#§# ##§§.## ##
###..§§# ###+# #+####


You could see a 11-headed hydra and a floating eye.

Vanquished Creatures
  A lindwurm (D)
  4 demonic crawlers (D)
  2 kobold demonologists (D)
  A slime creature (D)
  A yak (D)
  Sigmund (D)
  13 hogs (D)
  A floating eye (D)
  An ogre (D)
  A jelly (D)
  Ijyb (D)
27 creatures vanquished.

Notes
Turn   | Place    | Note
-------+----------+-------------------------------------------
     0 | D        | Kobolds4U the Minotaur Berserker began the quest for the
                  | Orb.
     0 | D        | Reached XP level 1. HP: 19/19 MP: 0/0
     1 | D        | Noticed Ijyb
    10 | D        | Killed Ijyb
    10 | D        | Reached skill level 6 in Long Blades
    10 | D        | Reached XP level 2. HP: 18/28 MP: 1/1
   178 | D        | Noticed an ogre
   180 | D        | Killed an ogre
   180 | D        | Reached skill level 8 in Long Blades
   180 | D        | Reached skill level 5 in Dodging
   180 | D        | Reached XP level 3. HP: 38/38 MP: 2/2
   180 | D        | Reached XP level 4. HP: 45/45 MP: 3/3
   184 | D        | Noticed Sigmund
   188 | D        | Killed Sigmund
   188 | D        | Reached ** piety under Trog
   188 | D        | Reached skill level 10 in Long Blades
   188 | D        | Reached XP level 5. HP: 41/53 MP: 4/4
   248 | D        | Found an ornate altar of the Wu Jian Council.
   248 | D        | Found a deep blue altar of Sif Muna.
   250 | D        | Found a radiant altar of Vehumet.
   252 | D        | Reached skill level 11 in Long Blades
   252 | D        | Reached XP level 6. HP: 57/62 MP: 5/5
   276 | D        | Found Fan Piod's Assorted Antiques.
   276 | D        | Found an ancient bone altar of Kikubaaqudgha.
   276 | D        | Found a hazy altar of Hepliaklqana.
   276 | D        | Found a hide-covered altar of Uskayaw.
   276 | D        | Found a basalt altar of Yredelemnul.
   276 | D        | Found an opulent altar of Gozag.
   276 | D        | Found a snail-covered altar of Cheibriados.
   276 | D        | Found a sacrificial altar of Ru.
   276 | D        | Found a shadowy altar of Dithmenos.
   276 | D        | Noticed a yak
   283 | D        | Killed a yak
   283 | D        | Reached skill level 12 in Long Blades
   284 | D        | Found a stormy altar of Qazlal.
   284 | D        | Found a blossoming altar of Fedhas.
   284 | D        | Found a bloodstained altar of Trog.
   284 | D        | Found an iron altar of Okawaru.
   284 | D        | Found a glowing golden altar of the Shining One.
   284 | D        | Found a glowing silver altar of Zin.
   284 | D        | Found a white marble altar of Elyvilon.
   287 | D        | Found a sparkling altar of Nemelex Xobeh.
   320 | D        | Found a viscous altar of Jiyva.
   320 | D        | Found a corrupted altar of Lugonu.
   320 | D        | Noticed a slime creature
   321 | D        | Found a burning altar of Makhleb.
   321 | D        | Found a shimmering altar of Xom.
   329 | D        | Killed a slime creature
   329 | D        | Reached *** piety under Trog
   329 | D        | Reached skill level 10 in Fighting
   329 | D        | Reached skill level 13 in Long Blades
   329 | D        | Reached XP level 7. HP: 44/72 MP: 6/6
   465 | D        | Noticed a kobold demonologist
   465 | D        | Noticed a kobold demonologist
   467 | D        | Paralysed by a floating eye for 3 turns
   470 | D        | Noticed an ice devil
   483 | D        | Killed a kobold demonologist
   483 | D        | Reached skill level 14 in Long Blades
   490 | D        | Killed a kobold demonologist
   490 | D        | Reached **** piety under Trog
   490 | D        | Reached skill level 15 in Long Blades
   490 | D        | Reached skill level 10 in Dodging
   490 | D        | Reached XP level 8. HP: 82/82 MP: 7/7
   563 | D        | Noticed a demonic crawler
   563 | D        | Noticed a demonic crawler
   563 | D        | Noticed a demonic crawler
   563 | D        | Noticed a demonic crawler
   570 | D        | Killed a demonic crawler
   572 | D        | Killed a demonic crawler
   572 | D        | Reached skill level 16 in Long Blades
   579 | D        | Killed a demonic crawler
   579 | D        | Reached ***** piety under Trog
   579 | D        | Reached XP level 9. HP: 44/91 MP: 8/8
   587 | D        | HP: 4/136 [demonic crawler (9)]
   588 | D        | Killed a demonic crawler
   939 | D        | Noticed a lindwurm
   944 | D        | Killed a lindwurm
   944 | D        | Reached skill level 17 in Long Blades
   978 | D        | Bought a plate armour for 552 gold pieces
  1073 | D        | Received a gift from Trog
  1084 | D        | Reached skill level 5 in Armour
  1094 | D        | Reached skill level 18 in Long Blades
  1107 | D        | Reached XP level 10. HP: 80/102 MP: 9/9
  1111 | D        | Received a gift from Trog
  1319 | D        | Noticed a 12-headed hydra
  1321 | D        | Paralysed by a floating eye for 4 turns
  1322 | D        | HP: 3/103 [11-headed hydra (6)]
  1322 | D        | Mangled by an 11-headed hydra

Skill      XL: |  1  2  3  4  5  6  7  8  9 10 |
---------------+-------------------------------+-----
Fighting       | 4 6 8 10 11 12 13 14 | 14.1
Long Blades    | 6 8 10 11 13 15 16 18 | 18.6
Dodging        | 3 5 7 9 10 11 12 | 12.0
Armour         | 7 8 |  8.4

Action                   |  1- 3 |  4- 6 |  7- 9 | 10-12 || total
-------------------------+-------+-------+-------+-------++-------
Melee: Falchion          |     5 |    19 |    90 |    21 ||   135
       Headbutt          |     1 |     9 |    24 |     7 ||    41
       Battleaxe         |       |       |       |     1 ||     1
Invok: Berserk           |     2 |       |     2 |       ||     4
  Eat: Chunk             |       |       |     2 |       ||     2
       Ration            |       |       |     1 |       ||     1
Armor: Leather armour    |       |       |    11 |       ||    11
       Plate armour      |       |       |    13 |    17 ||    30
Dodge: Dodged            |     3 |     8 |    69 |    11 ||    91
       Rpst.: Falchion   |     2 |     2 |    11 |     5 ||    20
